 Dungeon Crawl Stone Soup version 0.22.0-1-g6561e4c (webtiles) character file.

216 nicolaieve the Cudgeler (level 5, -1/45 HPs)
             Began as a Minotaur Berserker on Aug 12, 2018.
             Was a Believer of Trog.
             Slain by an orc wizard
             ... wielding a +2 dagger of venom
              (2 damage)
             ... on level 3 of the Dungeon.
             The game lasted 00:10:35 (1793 turns).

nicolaieve the Cudgeler (Minotaur Berserker)        Turns: 1793, Time: 00:10:36

Health: -1/45      AC:  8    Str: 21    XL:     5   Next: 61%
Magic:  4/4        EV:  8    Int:  4    God:    Trog [**....]
Gold:   124        SH:  0    Dex: 11    Spells: 4/4 levels left

rFire    . . .     SeeInvis .   t - +1 whip (venom)
rCold    . . .     Gourm    .   (no shield)
rNeg     . . .     Faith    .   h - +0 chain mail
rPois    .         Spirit   .   (helmet restricted)
rElec    .         Reflect  .   (no cloak)
rCorr    .         Harm     .   (no gloves)
MR       ++...                  (no boots)
Stlth    ..........             (no amulet)
HPRegen  1.15/turn              q - ring of stealth
MPRegen  0.09/turn              (no ring)

@: lethally poisoned (-1 -> -15), berserk cooldown, regenerating, slowed, very
slow
A: retaliatory headbutt, horns 2
a: Berserk, Trog's Hand, Renounce Religion


You were on level 3 of the Dungeon.
You worshipped Trog.
Trog was pleased with you.
You were very hungry.

You visited 1 branch of the dungeon, and saw 3 of its levels.

You collected 124 gold pieces.

Inventory:

Hand Weapons
 t - a +1 whip of venom (weapon)
Armour
 h - a +0 chain mail (worn)
Jewellery
 q - a ring of stealth (left hand)
Wands
 u - a wand of iceblast (5)
Scrolls
 a - a scroll of enchant weapon {unknown}
 b - a scroll of blinking {unknown}
 d - a scroll of fear {unknown}
 e - 3 scrolls of remove curse
 i - 2 scrolls of identify {unknown}
 j - 2 scrolls of teleportation {unknown}
 l - a scroll of random uselessness {unknown}
 o - a scroll of fog {unknown}
 p - a scroll of magic mapping {unknown}
Potions
 f - 2 potions of brilliance {unknown}
 g - a potion of mutation {unknown}
 k - 2 potions of curing {unknown}
 m - 2 potions of heal wounds {unknown}
 r - a potion of cancellation {unknown}
Comestibles
 c - 4 rations
 n - 27 chunks of flesh


   Skills:
 - Level 3.6 Fighting
 + Level 7.7 Maces & Flails
 - Level 2.4 Armour
 - Level 2.1 Dodging


You had 4 spell levels left.
You didn't know any spells.
Your spell library was empty.

Dungeon Overview and Level Annotations

Branches:
Dungeon (3/15)

Altars:
Hepliaklqana


Innate Abilities, Weirdness & Mutations

You reflexively headbutt those who attack you in melee.
You have a pair of horns on your head.


Message History

The hobgoblin barely misses you. You furiously retaliate!
You headbutt the hobgoblin!
You kill the hobgoblin!
Trog accepts your kill. The orc hits you with a dagger.
* * * LOW HITPOINT WARNING * * *
Something hits you.
* * * LOW HITPOINT WARNING * * *
You are more poisoned.
Okay, then.
Unknown command.
Unknown command.
Unknown command.
You hit the orc.
The orc is poisoned.
You headbutt the orc.
You kill the orc!
Trog accepts your kill.
* * * LOW HITPOINT WARNING * * *
You feel very sick. Something hits you.
You die...

.....(#...........
..........#........
..........#$.....# .. .
..........#......# #.##.
....#.....#......# .....
.................###....
........{.†)............
.......@))†......##.....
....#.).)........#......
. ###.................
##.........8..)8##
...................
..............<.)[.
.....(..........))..
...............8.)#.
...............)##.


There were no monsters in sight!

Vanquished Creatures
  An orc wizard (D:3)
  Ijyb (D:3)
  4 gnolls
  4 adders
  2 worms (D:2)
  A dart slug (D:1)
  3 leopard geckos (D:2)
  9 orcs (D:3)
  4 bats
  4 giant cockroaches
  7 hobgoblins
  8 jackals
  2 quokkas
  2 ball pythons (D:2)
  6 frilled lizards
  3 goblins
  4 kobolds
  7 rats
72 creatures vanquished.

Notes
Turn   | Place    | Note
-------+----------+-------------------------------------------
     0 | D:1      | nicolaieve the Minotaur Berserker began the quest for the Orb.
     0 | D:1      | Reached XP level 1. HP: 19/19 MP: 0/0
   116 | D:1      | Reached skill level 4 in Maces & Flails
   120 | D:1      | Reached XP level 2. HP: 21/26 MP: 1/1
   468 | D:1      | Reached skill level 5 in Maces & Flails
   609 | D:1      | Reached XP level 3. HP: 24/31 MP: 2/2
  1196 | D:2      | Found a hazy altar of Hepliaklqana.
  1373 | D:2      | Reached XP level 4. HP: 22/39 MP: 3/3
  1380 | D:2      | Reached skill level 6 in Maces & Flails
  1652 | D:3      | Reached ** piety under Trog
  1696 | D:3      | Reached skill level 7 in Maces & Flails
  1696 | D:3      | Reached XP level 5. HP: 44/45 MP: 4/4
  1708 | D:3      | Noticed Ijyb
  1727 | D:3      | Killed Ijyb
  1793 | D:3      | HP: 1/45 [poisoned by an orc wizard]
  1793 | D:3      | Slain by an orc wizard

Skill      XL: |  1  2  3  4 |
---------------+-------------+-----
Maces & Flails | 4 5 7 |  7.7
Fighting       | |  3.6
Armour         | |  2.4
Dodging        | |  2.1

Action                   |  1- 3 |  4- 6 || total
-------------------------+-------+-------++-------
Melee: Mace              |    81 |    33 ||   114
       Headbutt          |     6 |    14 ||    20
       Whip              |       |    57 ||    57
Invok: Berserk           |     2 |     2 ||     4
       Trog's Hand       |       |     1 ||     1
  Use: Scroll            |     1 |       ||     1
  Eat: Chunk             |     4 |     2 ||     6
Armor: Leather armour    |     4 |       ||     4
       Chain mail        |    36 |    43 ||    79
Dodge: Dodged            |    33 |    40 ||    73
